 Dungeon Crawl Stone Soup version 0.30-a0-694-g3340775977 (webtiles) character file.

Game seed: 3918266026221688523

27 Alitron123 the Trooper (level 2, 0/27 HPs)
             Began as an Armataur Monk on Jan 20, 2023.
             Slain by a jackal (2 damage)
             ... on level 2 of the Dungeon.
             The game lasted 00:01:38 (863 turns).

Alitron123 the Trooper (Armataur Monk)               Turns: 863, Time: 00:01:39

Health: 0/27       AC:  5    Str: 16    XL:     2   Next: 93%
Magic:  2/2        EV:  9    Int: 10    God:
Gold:   34         SH:  0    Dex: 12    Spells: 1/1 levels left

rFire   . . .      SeeInvis .    e - +3 short sword
rCold   . . .      Faith    .    (no shield)
rNeg    . . .      Spirit   .    k - +0 ring mail
rPois   .          Reflect  .    (no helmet)
rElec   .          Harm     .    (no cloak)
rCorr   .          Roll     +    (no gloves)
Will    .....                    (no barding)
Stlth   +                        (no amulet)
HPRegen 0.24/turn                (no ring)
MPRegen 0.08/turn                (no ring)

@: no status effects
A: large, rugged brown scales 3, deformed body, armoured tail, roll, long
tongue, awkward tongue
a: no special abilities


You were on level 2 of the Dungeon.
You visited 1 branch of the dungeon, and saw 2 of its levels.

You collected 34 gold pieces.

Inventory:

Hand Weapons
 a - a +0 spear
 e - a +3 short sword (weapon)
Armour
 k - a +0 ring mail (worn)
Scrolls
 d - a scroll of torment {unknown}
 i - a scroll of teleportation {unknown}
 j - a scroll of noise {unknown}
 l - a scroll of silence {unknown}
Potions
 b - a potion of attraction {unknown}
 f - a potion of curing {unknown}
 g - a potion of heal wounds {unknown}
 h - a potion of magic {unknown}


   Skills:
 + Level 3.0 Fighting
 + Level 2.9 Polearms
 + Level 2.4 Dodging
 + Level 2.3 Stealth


You had one spell level left.
You didn't know any spells.
Your spell library was empty.

Dungeon Overview and Level Annotations

Branches:
Dungeon (2/15)

Altars:

Shops:
D:1 *

Annotations:
D:2 Robin


Innate Abilities, Weirdness & Mutations

You are completely covered in rugged brown scales. (AC +3, +7% HP)
Armour fits poorly on your strangely shaped body.
You have a long armoured tail.
You roll when moving toward enemies. (Rampage)
Your long tongue fully drains potion bottles. (2x potion effects)
Your tongue gives you trouble enunciating. (1.5x scroll delay)


Message History

The endoplasm quivers.
Your tail-slap misses the goblin.
The jackal barely misses you. The jackal closely misses you.
The hobgoblin closely misses you.
The goblin hits you with a +1 dagger of freezing.
The goblin freezes you.
You hit the goblin.
Your tail-slap misses the goblin.
The goblin is severely wounded.
The jackal bites you but does no damage.
The jackal barely misses you. The jackal completely misses you.
The hobgoblin barely misses you.
The goblin hits you with a +1 dagger of freezing.
The goblin freezes you.
You hit the goblin.
You kill the goblin!
The goblin no longer looks unusually strong.
The jackal bites you but does no damage.
The jackal bites you. The jackal closely misses you.
The goblin shoots a sling bullet.
The sling bullet barely misses you.
The sling bullet closely misses the jackal.
The jackal bites you but does no damage.
The jackal barely misses you. The jackal bites you. The hobgoblin hits you.
You hit the goblin. Your punch misses the goblin.
The goblin is almost dead.
The jackal closely misses you. The jackal barely misses you.
The jackal bites you but does no damage.
The goblin hits you with a +0 club. The hobgoblin barely misses you.
You hit the goblin.
You kill the goblin!
The jackal bites you.
* * * LOW HITPOINT WARNING * * *
The jackal bites you but does no damage.
The jackal bites you.
* * * LOW HITPOINT WARNING * * *
The goblin shoots a sling bullet.
The sling bullet closely misses you.
The sling bullet barely misses the jackal.
The sling bullet barely misses the endoplasm.
The jackal bites you.
* * * LOW HITPOINT WARNING * * *
The jackal bites you.
You die...

#.. #. .####
#..###. #.......
...... #.?.##.# .
#.... .......#..
#....###.........
.#.....#......#.#
.....#<..#KJ....#
.........##gh.#..#.
.......#ggg@hJ.....
........g.##h......
.#....#.?.##.#.#.#.
#.............#
#.#.....g.....#
..#....)......#
#.............
#....>...!...#
#.............


You could see Robin, 2 endoplasms, 3 jackals, 2 hobgoblins, 2 goblins and a
kobold.

Vanquished Creatures
  A dart slug (D:1)
  A ball python (D:1)
  An endoplasm (D:1)
  A giant cockroach (D:2)
  2 quokkas (D:1)
  3 bats
  9 goblins
  2 kobolds (D:1)
  4 rats
24 creatures vanquished.

Notes
Turn   | Place    | Note
-------+----------+-------------------------------------------
     0 | D:1      | Alitron123 the Armataur Monk began the quest for the Orb.
     0 | D:1      | Reached XP level 1. HP: 19/19 MP: 1/1
   357 | D:1      | Reached XP level 2. HP: 26/26 MP: 2/2
   436 | D:1      | Found Bodwiuv's General Store.
   843 | D:2      | Reached skill level 3 in Fighting
   843 | D:2      | Noticed Robin
   863 | D:2      | Slain by a jackal

Illustrated notes

Levels and vault maps discovered:
D:1:      psy_arrival_whirlpool, layout_loops_ring, serial_shops, shop_fountains
D:2:      layout_rooms, basic_altar, uniq_robin

Skill      XL: |  1  2 |
---------------+-------+-----
Fighting       | 3 |  3.0
Polearms       | |  2.9
Dodging        | |  2.4
Stealth        | |  2.3

Action                   || total
-------------------------++-------
Melee: Spear             ||    13
       Short sword       ||    38
       Tailslap          ||     5
  Use: Potion            ||     1
 Stab: Sleeping          ||     3
       Distracted        ||     1
Armor: Robe              ||     1
       Ring mail         ||    21
Dodge: Dodged            ||    38

Table legend: (Time is in decaauts)
 A = Elapsed time spent in this place.
 B = Non-inter-level travel time spent in this place.
 C = Inter-level travel time spent in this place.
 D = Time resting spent in this place.
 E = Time spent auto-exploring this place.
 F = Levels seen in this place.
 G = Mean time per level.
                   A        B        C        D        E       F      G
               +--------+--------+--------+--------+--------+-----+--------+
         Total |    862 |    838 |     24 |      0 |    679 |   2 |  431.0 |
       Dungeon |    862 |    838 |     24 |      0 |    679 |   2 |  431.0 |
               +--------+--------+--------+--------+--------+-----+--------+

Top non-repeatable levels by time:
     D:1: 822 daAuts
     D:2: 39 daAuts
